Description

自用

Replay - Babylon LE (22)

Build Order

Get SALT Encoding   

  12  0:00  Probe  
  13  0:12  Probe  
  14  0:20  Pylon  
  14  0:24  Probe  
  15  0:38  Probe (Chrono Boost)  
  15  0:39  Gateway  
  16  0:49  Probe x2 (Chrono Boost), Assimilator  
  18  1:04  Probe  
  19  1:16  Probe  
  20  1:24  Nexus  
  20  1:35  Cybernetics Core  
  20  1:40  Assimilator  
  20  1:42  Probe (Chrono Boost)  
  21  1:49  Pylon  
  22  1:55  Probe (Chrono Boost)  
  23  2:09  Adept (Chrono Boost)  
  23  2:13  Warp Gate  
  27  2:30  Twilight Council  
  27  2:31  Stalker  
  31  2:50  Gateway  
  33  2:57  Robotics Facility  
  36  3:16  Dark Shrine  
  37  3:22  Assimilator  
  38  3:31  Gateway x2  
  39  3:44  Warp Prism (Chrono Boost)  
  43  3:54  Pylon  
  44  4:00  Pylon  
  44  4:07  Pylon  
  46  4:16  Assimilator  
  50  4:41  Dark Templar x4  
  59  4:48  Immortal (Chrono Boost)  
  59  4:52  Charge  
  63  4:59  Gateway  
  63  5:06  Gateway x2  
  63  5:13  Archon x2  
  63  5:14  Gateway  
  63  5:18  Immortal (Chrono Boost)  
  67  5:22  Sentry  
  69  5:48  Immortal (Chrono Boost)  
  69  5:49  Sentry  
  75  5:54  Dark Templar x2  
  79  6:10  Dark Templar  
  81  6:12  Zealot x2  
  81  6:15  Dark Templar  
  87  6:22  Observer (Chrono Boost)  
  87  6:24  Archon x2  
  88  6:35  Zealot x4  
  96  6:53  Zealot x3  
  102  7:02  Zealot  
Spawning Tool Build Advisor. Get it on Overwolf

Go to:

Details

  • Created by: TwingsO
  • Published on: Mar 06, 2023
  • Modified on: Mar 06, 2023
  • Patch: 5.0.11
  • Difficulty: Medium
Show
View Real Time Build Order
Export as new Build Order

Comments (0)

There are no comments. Be the first!

Create an account to comment!